 Dungeon Crawl Stone Soup version 0.29-a0-993-g4a18f31a58 (webtiles) character file.

Game seed: 3080565721071436689

196 Alarak the Magician (level 5, 0/28 HPs)
             Began as a Deep Elf Conjurer on Aug 3, 2022.
             Succumbed to an orc's poison
             ... on level 3 of the Dungeon.
             The game lasted 00:05:57 (2597 turns).

Alarak the Magician (Deep Elf Conjurer)             Turns: 2597, Time: 00:05:57

Health: 0/28       AC:  3    Str:  4    XL:     5   Next: 45%
Magic:  6/15       EV: 12    Int: 25    God:
Gold:   140        SH:  5    Dex: 13    Spells: 15/16 levels left

rFire   . . .      SeeInvis .   d - +2 short sword (holy)
rCold   . . .      Faith    .   (no shield)
rNeg    . . .      Spirit   .   a - +0 robe
rPois   .          Reflect  +   (no helmet)
rElec   .          Harm     .   h - +0 cloak
rCorr   .          Rampage  .   (no gloves)
Will    .....                   (no boots)
Stlth   ++........              k - amulet of reflection
HPRegen 0.09/turn               (no ring)
MPRegen 0.14/turn               (no ring)

@: lethally poisoned (0 -> -1)
A: no striking features
a: no special abilities


You were on level 3 of the Dungeon.
You visited 1 branch of the dungeon, and saw 3 of its levels.

You collected 140 gold pieces.

Inventory:

Hand Weapons
 d - a +2 short sword of holy wrath (weapon)
Armour
 a - a +0 robe (worn)
 h - a +0 cloak (worn)
Magical Staves
 g - a staff of poison
Jewellery
 k - an amulet of reflection (around neck)
Scrolls
 c - 4 scrolls of identify
 f - a scroll of silence
 j - a scroll of blinking
Potions
 b - a potion of magic
 i - 2 potions of degeneration


   Skills:
 - Level 2.4 Dodging
 - Level 2.4 Stealth
 - Level 6.3 Spellcasting
 + Level 5.7 Conjurations


You had 15 spell levels left.
You knew the following spells:

 Your Spells              Type           Power      Damage    Failure   Level
a - Magic Dart            Conj           100%       1d8       1%          1

Your spell library contained the following spells:

 Spells                   Type           Power      Damage    Failure   Level
 Searing Ray              Conj           72%        2d7       1%          2
 Dazzling Flash           Conj/Hex       44%        N/A       7%          3
 Fulminant Prism          Conj/Hex       11%        3d9       22%         4
 Iskenderun's Mystic Bla  Conj/Tloc      22%        2d6       22%         4


Dungeon Overview and Level Annotations

Branches:
Dungeon (3/15)

Altars:

Annotations:
D:3 Ijyb


Message History

The orc hits you but does no damage.
You are poisoned.
An orc is nearby!
Unknown command.
You barely miss the orc.
The orc is severely wounded.
You feel sick.
The orc hits you with a +1 hand axe of venom.
You are lethally poisoned!
You are too injured to fight recklessly!
You are too injured to fight recklessly!
Casting: Magic Dart (safe; 1% risk of failure)
Confirm with . or Enter, or press ? or * to list all spells.
Aiming: Magic Dart (safe; 1% risk of failure)
Press: ? - help, Shift-Dir - straight line, f/p - orc
Aim: an orc, wielding a +1 hand axe of venom (severely wounded, 100% to hit)
The magic dart hits the orc!
You kill the orc!
You feel very sick.
There is a lethal amount of poison in your body!
There is a lethal amount of poison in your body!
Okay, then.
Okay, then.
* * * LOW HITPOINT WARNING * * *
You feel very sick.
* * * LOW HITPOINT WARNING * * *
You feel sick.
* * * LOW HITPOINT WARNING * * *
You feel sick.
* * * LOW HITPOINT WARNING * * *
You feel sick.
* * * LOW HITPOINT WARNING * * *
You feel sick.
* * * LOW HITPOINT WARNING * * *
You feel sick.
* * * LOW HITPOINT WARNING * * *
You feel sick.
* * * LOW HITPOINT WARNING * * *
You feel sick.
You die...

.#.# ..........#
.#.#############...#.#....#
.#.K.......#...#.. ..#....
.#########.#.#.#.#
#...#.### ## #.#.#.#.#
#†..#...# #.#.#.#.#
#)......+ #.#.....#
#.#.#...#
#.###.#####.#.##### #####
#......@....#....# ....#
#####.########)).# ....#
##'###### #...# ....#
#.......# #..... ....#
#..)....# #....... ###.#
#.......# #......# #.#
####.......# #....#... #.#
#..........# ......#.. #.#
####..........#


There were no monsters in sight!

Vanquished Creatures
  An orc priest (D:3)
  Jessica (D:3)
  An orc wizard (D:2)
  5 adders
  A worm (D:2)
  A dart slug (D:2)
  6 orcs
  3 bats
  4 endoplasms
  A giant cockroach (D:1)
  5 goblins (D:2)
  8 hobgoblins
  7 kobolds
  A quokka (D:3)
  5 ball pythons
  14 frilled lizards
64 creatures vanquished.

Vanquished Creatures (others)
  11 plants (D:3)
11 creatures vanquished.

Grand Total: 75 creatures vanquished

Notes
Turn   | Place    | Note
-------+----------+-------------------------------------------
     0 | D:1      | Alarak the Deep Elf Conjurer began the quest for the Orb.
     0 | D:1      | Reached XP level 1. HP: 10/10 MP: 6/6
   255 | D:1      | Reached skill level 4 in Spellcasting
   255 | D:1      | Reached XP level 2. HP: 15/15 MP: 7/9
   972 | D:2      | Reached XP level 3. HP: 19/19 MP: 8/11
  1021 | D:2      | Reached skill level 5 in Spellcasting
  1534 | D:2      | Reached skill level 6 in Spellcasting
  1534 | D:2      | Reached XP level 4. HP: 16/24 MP: 2/14
  2417 | D:3      | Noticed Jessica
  2419 | D:3      | Noticed Ijyb
  2524 | D:3      | Killed Jessica
  2525 | D:3      | Reached skill level 5 in Conjurations
  2525 | D:3      | Reached XP level 5. HP: 28/28 MP: 12/15
  2596 | D:3      | HP: 1/28 [poisoned by an orc]
  2597 | D:3      | Succumbed to an orc's poison

Illustrated notes

Levels and vault maps discovered:
D:1:      enne_arrival_octagon_isle, layout_loops_cross, glass_columns_b,
          minmay_lizard_pond
D:2:      layout_rooms, lemuel_old_faithful
D:3:      layout_basic, evilmike_ruin_ashenzari, nzn_wu_jian_contemplation,
          serial_bayou_lagoon_b, uniq_ijyb, uniq_jessica

Skill      XL: |  1  2  3  4 |
---------------+-------------+-----
Spellcasting   | 4 6 |  6.3
Conjurations   | 5 |  5.7
Dodging        | |  2.4
Stealth        | |  2.4

Action                   |  1- 3 |  4- 6 || total
-------------------------+-------+-------++-------
Melee: Short sword       |    29 |     1 ||    30
       Punch             |     1 |       ||     1
 Cast: Magic Dart        |    67 |    55 ||   122
  Use: Scroll            |     2 |     4 ||     6
Armor: Robe              |     6 |     2 ||     8
Dodge: Dodged            |    23 |     5 ||    28
Block: Other             |       |     3 ||     3
       Reflection        |       |     1 ||     1

Table legend: (Time is in decaauts)
 A = Elapsed time spent in this place.
 B = Non-inter-level travel time spent in this place.
 C = Inter-level travel time spent in this place.
 D = Time resting spent in this place.
 E = Time spent auto-exploring this place.
 F = Levels seen in this place.
 G = Mean time per level.
                   A        B        C        D        E       F      G
               +--------+--------+--------+--------+--------+-----+--------+
         Total |   2602 |   2374 |    228 |    631 |   1450 |   3 |  867.3 |
       Dungeon |   2602 |   2374 |    228 |    631 |   1450 |   3 |  867.3 |
               +--------+--------+--------+--------+--------+-----+--------+

Top non-repeatable levels by time:
     D:2: 1114 daAuts
     D:1: 930 daAuts
     D:3: 556 daAuts
